ITL
RICHMOND FLAIRS @ ALLENTOWN HILLBILLIES
09/16/2025
 
TOP OF THE 1ST
Richmond Flairs batting - Pitching for Allentown Hillbillies : RHP Okura Oike
Pitching: RHP Okura Oike
Batting: LHB Rubén Díaz 0-0: Ball
1-0: Ball
2-0: Ball
3-0: Called Strike
3-1: Foul Ball, location: 2F
3-2: Ground out U3 (Groundball, 3L)
Batting: SHB António Enríquez 0-0: Ball
1-0: Fly out, F8 (Flyball, 78M)
Batting: RHB R.J. Crosby 0-0: Ball
1-0: Fly out, F9 (Flyball, 9LMF)
Top of the 1st over - 0 run(s), 0 hit(s), 0 error(s), 0 left on base; Richmond 0 - Allentown 0
BOTTOM OF THE 1ST
Allentown Hillbillies batting - Pitching for Richmond Flairs : RHP Alberto Román
Pitching: RHP Alberto Román
Batting: RHB Chad Huggins 0-0: DOUBLE (Flyball, 89XD)
Batting: LHB José Esparza 0-0: Ball
1-0: Foul Ball, location: 2F
1-1: Called Strike
1-2: Ball
2-2: Foul Ball, location: 2F
2-2: Ball
3-2: Foul Ball, location: 2F
3-2: Foul Ball, location: 2F
3-2: Foul Ball, location: 2F
3-2: SINGLE (Line Drive, 9LS)
Chad Huggins to third
Batting: RHB Diego Rivera 0-0: Ball
1-0: Called Strike
1-1: Ball
2-1: SINGLE (Flyball, 4D)
Chad Huggins scores
José Esparza to second
Runner from 2nd tries for 3rd, SAFE, throw made to third
Batting: SHB Oliver Deleón 0-0: Foul Ball, location: 2F
0-1: Swinging Strike
0-2: Ball
Diego Rivera steals 2nd base
1-2: Ball
2-2: Strikes out looking
Batting: RHB Millard Stark 0-0: Ball
1-0: 3-RUN HOME RUN (Line Drive, 78XD), Distance : 434 ft
Batting: RHB José Mora 0-0: Ball
1-0: Foul Ball, location: 2F
1-1: Ball
2-1: Ball
3-1: Called Strike
3-2: Base on Balls
Batting: RHB Joel Jackson 0-0: Foul Ball, location: 2F
0-1: Fly out, F6 (Line Drive, 6)
Batting: SHB Juan Acevado 0-0: Foul Ball, location: 2F
0-1: Ball
José Mora is caught stealing 2nd base
Bottom of the 1st over - 4 run(s), 4 hit(s), 0 error(s), 0 left on base; Richmond 0 - Allentown 4
TOP OF THE 2ND
Richmond Flairs batting - Pitching for Allentown Hillbillies : RHP Okura Oike
Batting: LHB Roland Jones 0-0: Ball
1-0: Ground out 6-3 (Groundball, 6)
Batting: LHB Katsuyoshi Kiyomizu 0-0: Called Strike
0-1: Foul Ball, location: 2F
0-2: Ball
1-2: Foul Ball, location: 2F
1-2: Foul Ball, location: 2F
1-2: Ground out 4-3 (Groundball, 4)
Batting: RHB Jack Ray 0-0: Foul Ball, location: 2F
0-1: Called Strike
0-2: Ground out 6-3 (Groundball, 6)
Top of the 2nd over - 0 run(s), 0 hit(s), 0 error(s), 0 left on base; Richmond 0 - Allentown 4
BOTTOM OF THE 2ND
Allentown Hillbillies batting - Pitching for Richmond Flairs : RHP Alberto Román
Batting: SHB Juan Acevado 0-0: Ball
1-0: Ball
2-0: Swinging Strike
2-1: Ground out 5-3 (Groundball, 5L)
Batting: LHB Rafael Flores 0-0: Ball
1-0: Called Strike
1-1: Ball
2-1: Ball
3-1: Called Strike
3-2: Foul Ball, location: 2F
3-2: Ground out 5-3 (Groundball, 56)
Batting: RHB Chad Huggins 0-0: Ball
1-0: Swinging Strike
1-1: Swinging Strike
1-2: Ground out 4-3 (Groundball, 4)
Bottom of the 2nd over - 0 run(s), 0 hit(s), 0 error(s), 0 left on base; Richmond 0 - Allentown 4
TOP OF THE 3RD
Richmond Flairs batting - Pitching for Allentown Hillbillies : RHP Okura Oike
Batting: LHB Sean Nicks 0-0: Ball
1-0: Called Strike
1-1: Called Strike
1-2: Foul Ball, location: 2F
1-2: Ball
2-2: Ball
3-2: Foul Ball, location: 2F
3-2: Fly out, F8 (Popup, 8LS)
Batting: RHB Armando González 0-0: Ball
1-0: Foul Ball, location: 2F
1-1: Ball
2-1: Ball
3-1: Base on Balls
Pitching: RHP Drew Schaefer
Batting: RHB Freddy Padilla 0-0: Called Strike
0-1: Foul Ball, location: 2F
0-2: Ball
1-2: Ground out 5-3 (Groundball, 5S)
Armando González to second
Batting: LHB Rubén Díaz 0-0: Called Strike
0-1: Foul Ball, location: 2F
0-2: Ball
1-2: DOUBLE (Line Drive, 78M)
Armando González scores
Batting: SHB António Enríquez 0-0: Ball
1-0: Called Strike
1-1: Called Strike
1-2: Ball
2-2: Ball
3-2: Base on Balls
Batting: RHB R.J. Crosby 0-0: Ground out 1-3 (Groundball, 15)
Top of the 3rd over - 1 run(s), 1 hit(s), 0 error(s), 2 left on base; Richmond 1 - Allentown 4
BOTTOM OF THE 3RD
Allentown Hillbillies batting - Pitching for Richmond Flairs : RHP Alberto Román
Batting: LHB José Esparza 0-0: Called Strike
0-1: Ball
1-1: Called Strike
1-2: Reached on error, E4 (Groundball, 4)
Batting: RHB Diego Rivera 0-0: Ball
1-0: Ball
2-0: Called Strike
2-1: Grounds into double play, 6-4-3 (Groundball, 6)
Batting: SHB Oliver Deleón 0-0: SINGLE (Groundball, 56D)
Batting: RHB Millard Stark 0-0: Called Strike
0-1: Ball
1-1: DOUBLE (Line Drive, 7LD)
Oliver Deleón to third
Batting: RHB José Mora 0-0: Ball
Wild Pitch!
Oliver Deleón scores
Millard Stark to third
1-0: Foul Ball, location: 2F
1-1: Foul Ball, location: 2F
1-2: DOUBLE (Groundball, 3L)
Millard Stark scores
Batting: RHB Joel Jackson 0-0: Ball
1-0: Called Strike
1-1: Called Strike
1-2: Foul Ball, location: 2F
1-2: Ball
2-2: SINGLE (Flyball, 8RS)
José Mora to third
Runner from 3rd tries for Home, SAFE, no throw or cutoff
Batting: SHB Juan Acevado 0-0: Called Strike
0-1: SINGLE (Flyball, 78S)
Joel Jackson to second
Batting: LHB Rafael Flores 0-0: Foul Ball, location: 2F
0-1: Swinging Strike
0-2: Strikes out swinging
Bottom of the 3rd over - 3 run(s), 5 hit(s), 1 error(s), 2 left on base; Richmond 1 - Allentown 7
TOP OF THE 4TH
Richmond Flairs batting - Pitching for Allentown Hillbillies : RHP Drew Schaefer
Batting: LHB Roland Jones 0-0: Called Strike
0-1: Ball
1-1: Foul Ball, location: 2F
1-2: Ball
2-2: Ball
3-2: Strikes out looking
Batting: LHB Katsuyoshi Kiyomizu 0-0: Fly out, F7 (Flyball, 7S)
Batting: RHB Jack Ray 0-0: Ball
1-0: Called Strike
1-1: Called Strike
1-2: Ball
2-2: Foul Ball, location: 2F
2-2: SINGLE (Groundball, 34D)
Batting: LHB Sean Nicks 0-0: Ball
1-0: Ball
2-0: Ball
3-0: Base on Balls
Jack Ray to second
Batting: RHB Armando González 0-0: Foul Ball, location: 2F
0-1: Fly out, F9 (Flyball, 9M)
Top of the 4th over - 0 run(s), 1 hit(s), 0 error(s), 2 left on base; Richmond 1 - Allentown 7
BOTTOM OF THE 4TH
Allentown Hillbillies batting - Pitching for Richmond Flairs : RHP Alberto Román
Pitching: RHP Fernando Guzmán
Batting: RHB Chad Huggins 0-0: Fly out, F7 (Line Drive, 7S)
Batting: LHB José Esparza 0-0: Ball
1-0: Ball
2-0: Called Strike
2-1: Ball
3-1: Swinging Strike
3-2: Foul Ball, location: 2F
3-2: Foul Ball, location: 2F
3-2: Base on Balls
Batting: RHB Diego Rivera 0-0: Called Strike
0-1: Ball
1-1: Ball
2-1: Ground out 3-1 (Groundball, 34S)
José Esparza to second
Batting: SHB Oliver Deleón 0-0: Ball
1-0: Ball
2-0: SINGLE (Line Drive, 6D)
José Esparza to third
Runner from 3rd tries for Home, SAFE, no throw or cutoff
Batting: RHB Millard Stark 0-0: Ball
1-0: Ball
2-0: Ball
3-0: Base on Balls
Oliver Deleón to second
Batting: RHB José Mora 0-0: Foul Ball, location: 2F
0-1: Foul Ball, location: 2F
0-2: Foul Ball, location: 2F
0-2: Strikes out swinging
Bottom of the 4th over - 1 run(s), 1 hit(s), 0 error(s), 2 left on base; Richmond 1 - Allentown 8
TOP OF THE 5TH
Richmond Flairs batting - Pitching for Allentown Hillbillies : RHP Drew Schaefer
Batting: RHB Freddy Padilla 0-0: Ball
1-0: Foul Ball, location: 2F
1-1: Swinging Strike
1-2: Foul Ball, location: 2F
1-2: Strikes out swinging
Batting: LHB Rubén Díaz 0-0: Foul Ball, location: 2F
0-1: Ball
1-1: Ground out 4-3 (Groundball, 4)
Batting: SHB António Enríquez 0-0: Ball
1-0: Ground out 6-3 (Groundball, 6M)
Top of the 5th over - 0 run(s), 0 hit(s), 0 error(s), 0 left on base; Richmond 1 - Allentown 8
BOTTOM OF THE 5TH
Allentown Hillbillies batting - Pitching for Richmond Flairs : RHP Fernando Guzmán
Batting: RHB Joel Jackson 0-0: Ground out 6-3 (Groundball, 6M)
Batting: SHB Juan Acevado 0-0: Ball
1-0: SINGLE (Groundball, 13) (infield hit)
Batting: LHB Rafael Flores 0-0: SINGLE (Line Drive, 56)
Juan Acevado to second
Batting: RHB Chad Huggins 0-0: Called Strike
0-1: Fly out, F7 (Flyball, 78D)
Batting: LHB José Esparza 0-0: Ball
1-0: Ball
2-0: Swinging Strike
2-1: Foul Ball, location: 2F
2-2: Foul Ball, location: 2F
2-2: Foul Ball, location: 2F
2-2: DOUBLE (Line Drive, 9LM)
Juan Acevado scores
Rafael Flores to third
Batting: RHB Diego Rivera 0-0: Ball
1-0: Called Strike
1-1: Foul Ball, location: 2F
1-2: Strikes out swinging
Bottom of the 5th over - 1 run(s), 3 hit(s), 0 error(s), 2 left on base; Richmond 1 - Allentown 9
TOP OF THE 6TH
Richmond Flairs batting - Pitching for Allentown Hillbillies : RHP Drew Schaefer
Batting: RHB R.J. Crosby 0-0: Fly out, F8 (Flyball, 8LD)
Batting: LHB Roland Jones 0-0: Called Strike
0-1: Ground out 1-3 (Groundball, 13)
Batting: LHB Katsuyoshi Kiyomizu 0-0: Called Strike
0-1: Foul Ball, location: 2F
0-2: Ground out U3 (Groundball, 3)
Top of the 6th over - 0 run(s), 0 hit(s), 0 error(s), 0 left on base; Richmond 1 - Allentown 9
BOTTOM OF THE 6TH
Allentown Hillbillies batting - Pitching for Richmond Flairs : RHP Fernando Guzmán
Batting: SHB Oliver Deleón 0-0: Ground out 6-3 (Groundball, 6M)
Batting: RHB Millard Stark 0-0: Ground out 5-3 (Groundball, 56)
Batting: RHB José Mora 0-0: Ball
1-0: Called Strike
1-1: Ball
2-1: Called Strike
2-2: Foul Ball, location: 2F
2-2: Ball
3-2: Foul Ball, location: 2F
3-2: Ground out 4-3 (Groundball, 4)
Bottom of the 6th over - 0 run(s), 0 hit(s), 0 error(s), 0 left on base; Richmond 1 - Allentown 9
TOP OF THE 7TH
Richmond Flairs batting - Pitching for Allentown Hillbillies : RHP Drew Schaefer
Pitching: LHP Nick Merrit
Batting: RHB Jack Ray 0-0: Ball
1-0: Called Strike
1-1: Foul Ball, location: 2F
1-2: Foul Ball, location: 2F
1-2: Foul Ball, location: 2F
1-2: Ball
2-2: Foul Ball, location: 2F
2-2: Ball
3-2: Strikes out swinging
Batting: LHB Sean Nicks 0-0: Ball
1-0: Ball
2-0: Ball
3-0: Called Strike
3-1: Swinging Strike
3-2: Strikes out swinging
Batting: RHB Armando González 0-0: Swinging Strike
0-1: Called Strike
0-2: Strikes out swinging
Top of the 7th over - 0 run(s), 0 hit(s), 0 error(s), 0 left on base; Richmond 1 - Allentown 9
BOTTOM OF THE 7TH
Allentown Hillbillies batting - Pitching for Richmond Flairs : RHP Fernando Guzmán
Pitching: RHP Octávio Morín
Batting: RHB Joel Jackson 0-0: Foul Ball, location: 2F
0-1: Ball
1-1: Fly out, F6 (Popup, 6MS)
Batting: SHB Juan Acevado 0-0: Fly out, F8 (Flyball, 8LM)
Batting: LHB Rafael Flores 0-0: Foul Ball, location: 2F
0-1: Ground out 4-3 (Groundball, 4)
Bottom of the 7th over - 0 run(s), 0 hit(s), 0 error(s), 0 left on base; Richmond 1 - Allentown 9
TOP OF THE 8TH
Richmond Flairs batting - Pitching for Allentown Hillbillies : LHP Nick Merrit
Now at 2B: Enrique Bermúdez
Batting: RHB Freddy Padilla 0-0: Called Strike
0-1: Foul Ball, location: 2F
0-2: Ground out 6-3 (Groundball, 6)
Batting: LHB Rubén Díaz 0-0: Called Strike
0-1: Foul Ball, location: 2F
0-2: Ball
1-2: Ball
2-2: Ball
3-2: Foul Ball, location: 2F
3-2: Ground out 6-3 (Groundball, 6M)
Batting: SHB António Enríquez 0-0: Ball
1-0: Ground out 4-3 (Groundball, 4)
Top of the 8th over - 0 run(s), 0 hit(s), 0 error(s), 0 left on base; Richmond 1 - Allentown 9
BOTTOM OF THE 8TH
Allentown Hillbillies batting - Pitching for Richmond Flairs : RHP Octávio Morín
Batting: RHB Chad Huggins 0-0: Called Strike
0-1: Ball
1-1: Called Strike
1-2: Ball
2-2: Foul Ball, location: 2F
2-2: Foul Ball, location: 2F
2-2: Ball
3-2: DOUBLE (Flyball, 9D)
Batting: LHB José Esparza 0-0: Called Strike
0-1: Ball
1-1: Ball
2-1: Ball
3-1: Foul Ball, location: 2F
3-2: Fly out, F8 (Flyball, 8LM)
Batting: RHB Diego Rivera 0-0: Foul Ball, location: 2F
0-1: Ball
1-1: Swinging Strike
1-2: Strikes out looking
Pinch Hitting: RHB Bartolo López 0-0: Ball
1-0: Ball
2-0: Swinging Strike
2-1: Foul Ball, location: 2F
2-2: Ball
3-2: Base on Balls
Batting: RHB Millard Stark 0-0: Called Strike
0-1: Foul Ball, location: 2F
0-2: Ball
1-2: Strikes out swinging
Bottom of the 8th over - 0 run(s), 1 hit(s), 0 error(s), 2 left on base; Richmond 1 - Allentown 9
TOP OF THE 9TH
Richmond Flairs batting - Pitching for Allentown Hillbillies : LHP Nick Merrit
Pitching: LHP Dan Rogers
Now at 2B: Bartolo López
Batting: RHB R.J. Crosby 0-0: Ground out 4-3 (Groundball, 4)
Batting: LHB Roland Jones 0-0: Foul Ball, location: 2F
0-1: SINGLE (Groundball, 34D) (infield hit)
Batting: LHB Katsuyoshi Kiyomizu 0-0: Fielders Choice at 2nd, 1-6 (Groundball, 13S)
Batting: RHB Jack Ray 0-0: Ball
1-0: Swinging Strike
1-1: Foul Ball, location: 2F
1-2: Ball
2-2: Ball
3-2: Foul Ball, location: 2F
3-2: Foul Ball, location: 2F
3-2: Strikes out swinging
Top of the 9th over - 0 run(s), 1 hit(s), 0 error(s), 1 left on base; Richmond 1 - Allentown 9
This league is powered by Out of the Park Baseball, the baseball management simulation game for PC, Mac and Linux
Tuesday, August 2nd, 2016 - OOTP Baseball 16.8 Build 38